 Dungeon Crawl Stone Soup version 0.31-a0-865-g3d5d91748a (webtiles) character file.

Game seed: 7408228751870233214

1026 DocEon the Thaumaturge (level 8, -1/41 HPs)
             Began as a Deep Elf Conjurer on Oct 10, 2023.
             Was an Initiate of Vehumet.
             Killed from afar by a white imp (10 damage)
             ... with a puff of frost
             ... on level 5 of the Dungeon.
             The game lasted 00:05:49 (6323 turns).

DocEon the Thaumaturge (Deep Elf Conjurer)          Turns: 6323, Time: 00:05:50

Health: -1/41      AC:  7    Str:  4    XL:     8   Next: 2%
Magic:  0/22       EV: 13    Int: 26    God:    Vehumet [......]
Gold:   221        SH:  0    Dex: 19    Spells: 9/23 levels left

rFire   . . .        e - +5 whip
rCold   . . .        (no shield)
rNeg    . . .        k - +2 robe "Seocruitog" {Will++}
rPois   +            (no helmet)
rElec   .            o - +2 cloak {rPois}
rCorr   .            (no gloves)
SInv    .            (no boots)
Will    +++..        (no amulet)
Stlth   ++           h - +6 ring of dexterity
HPRegen 0.26/turn    v - ring of willpower
MPRegen 0.18/turn

%: no passive effects
@: no status effects
A: no striking features
a: Renounce Religion


You were on level 5 of the Dungeon.
You worshipped Vehumet.
Vehumet was noncommittal.
You visited 1 branch of the dungeon, and saw 5 of its levels.

You collected 221 gold pieces.

Inventory:

Hand Weapons
 e - a +5 whip (weapon)
Armour
 i - a +1 cloak
 k - the +2 robe "Seocruitog" (worn) {Will++}
   (You found it on level 2 of the Dungeon)

   Will++:    It greatly increases your willpower.
 o - a +2 cloak of poison resistance (worn)
Jewellery
 h - a +6 ring of dexterity (left hand)
 q - a ring of resist corrosion
 v - a ring of willpower (right hand)
Wands
 r - a wand of charming (14)
 s - a wand of flame (1)
Scrolls
 d - 2 scrolls of noise
 g - 2 scrolls of vulnerability
 t - a scroll of immolation
 u - a scroll of teleportation
 w - a scroll of fog
Potions
 a - 3 potions of curing
 b - a potion of magic
 c - a potion of haste {unknown}
 f - a potion of cancellation
 j - a potion of enlightenment {unknown}
 l - a potion of might {unknown}
 m - a potion of heal wounds {unknown}
 n - a potion of brilliance {unknown}
 p - a potion of invisibility {unknown}


   Skills:
 - Level 2.4 Dodging
 - Level 2.4 Stealth
 * Level 8.4 Spellcasting
 * Level 7.0 Conjurations
 + Level 2.9 Hexes
 + Level 2.6 Translocations
 + Level 2.1 Air Magic
 + Level 2.3 Poison Magic


You had 9 spell levels left.
You knew the following spells:

 Your Spells              Type           Power      Damage    Failure   Level
a - Magic Dart            Conj           100%       1d8       1%          1
b - Searing Ray           Conj           94%        2d7       1%          2
c - Mephitic Cloud        Conj/Pois/Air  30%        N/A       3%          3
d - Fulminant Prism       Conj/Hex       18%        3d11      7%          4
e - Iskenderun's Mystic   Conj/Tloc      36%        2d9       8%          4

Your spell library contained the following spells:

 Spells                   Type           Power      Damage    Failure   Level
 Kiss of Death            Conj/Necr      100%       2d13      1%          1
 Dazzling Flash           Conj/Hex       72%        N/A       1%          3
 Confusing Touch          Hex            26%        N/A       4%          3
 Call Imp                 Summ           20%        N/A       9%          2
 Dispel Undead            Necr           10%        3d9       47%         4


Dungeon Overview and Level Annotations

Branches:
Dungeon (5/15)
 Temple: D:4-7

Altars:
Elyvilon
Gozag
Makhleb
Vehumet
Zin

Shops:
D:5 *


Message History

The magic dart hits the adder.
You kill the adder!
Vehumet accepts your kill. The white imp gestures at you.
The puff of frost hits you!
The magic dart hits the scorpion.
The scorpion is moderately wounded.
The magic dart hits the scorpion.
The scorpion is heavily wounded.
The scorpion barely misses you.
The scorpion barely misses itself.
Casting: Magic Dart (safe; 1% risk of failure)
Confirm with . or Enter, or press ? or * to list all spells.
Aiming: Mephitic Cloud (dangerous; 3% risk of failure)
Press: ? - help, Shift-Dir - straight line, f/p - scorpion
Aim: a scorpion (heavily wounded, confused, chance to affect: 81%)
The ball explodes into a vile cloud!
The stinking cloud engulfs the scorpion but does no damage.
The scorpion is heavily wounded.
The stinking cloud engulfs you but does no damage.
The scorpion is engulfed in noxious fumes.
The scorpion appears confused.
The scorpion stings you.
Casting: Mephitic Cloud (dangerous; 3% risk of failure)
Confirm with . or Enter, or press ? or * to list all spells.
Aiming: Searing Ray (safe; 1% risk of failure)
Press: ? - help, Shift-Dir - straight line, f/p - scorpion
Aim: a scorpion (noxious fumes, heavily wounded, confused, 94% to hit)
The searing ray hits the scorpion.
The scorpion is almost dead. (Press . to maintain the ray.)
The white imp gestures at you. The puff of frost hits you!
* * * LOW HITPOINT WARNING * * *
The scorpion is engulfed in noxious fumes.
The scorpion appears confused.
The scorpion closely misses you.
The searing ray hits the scorpion!
You kill the scorpion!
Vehumet accepts your kill. The white imp gestures at you.
The puff of frost hits you!
You die...

.#.#.#
#....g...............####.
.#.#.#
#.####...............#
#.#.#
#.####..............!#
#.#.#
#....................#
#.#.#
#.............#####'#
##.#.###..........g.)# #
##.....+.......○.○5..#
.......#........○§..####
.......#.......☼@.......
.......#................
)###....................
.# ###..#.#.#.#.........
.# #.........[#....... ##
#..#.#.#.#......... #
#..........##..#.#.
#..#.#.#.#.# ......
#........... ..#.#


You could see a gnoll and a white imp.

Vanquished Creatures
  A black bear (D:5)
  An ice beast (D:5)
  2 ogres
  2 scorpions
  A crimson imp (D:4)
  Crazy Yiuf (D:3)
  A hound (D:4)
  A jelly (D:4)
  An orc priest (D:4)
  A sleepcap (D:5)
  4 orc wizards
  15 gnolls
  6 adders
  A shadow imp (D:5)
  2 ufetubi (D:4)
  3 dart slugs
  11 orcs
  8 endoplasms
  4 giant cockroaches
  4 goblins
  7 hobgoblins
  3 jackals (D:2)
  10 kobolds
  2 quokkas (D:1)
  11 ball pythons
  5 bats
  2 frilled lizards (D:1)
  2 rats (D:3)
112 creatures vanquished.

Vanquished Creatures (others)
  A fulminant prism (D:5)
1 creature vanquished.

Grand Total: 113 creatures vanquished

Notes
Turn   | Place    | Note
-------+----------+-------------------------------------------
     0 | D:1      | DocEon the Deep Elf Conjurer began the quest for the Orb.
     0 | D:1      | Reached XP level 1. HP: 10/10 MP: 6/6
   276 | D:1      | Reached XP level 2. HP: 15/15 MP: 4/8
   336 | D:1      | Reached skill level 4 in Spellcasting
   417 | D:1      | Found a faded altar of an unknown god.
   498 | D:1      | Reached XP level 3. HP: 19/19 MP: 8/10
   501 | D:1      | Learned a level 2 spell: Searing Ray
  1261 | D:2      | Reached skill level 5 in Conjurations
  1629 | D:2      | Identified the +2 robe "Seocruitog" {Will++}
  1633 | D:2      | Reached skill level 5 in Spellcasting
  1665 | D:2      | Reached XP level 4. HP: 24/24 MP: 8/13
  2247 | D:2      | Learned a level 3 spell: Mephitic Cloud
  2252 | D:2      | Learned a level 4 spell: Fulminant Prism
  2257 | D:2      | Learned a level 4 spell: Iskenderun's Mystic Blast
  2801 | D:3      | Reached skill level 6 in Spellcasting
  2805 | D:3      | Reached XP level 5. HP: 28/28 MP: 7/15
  3105 | D:3      | Found an opulent altar of Gozag.
  3334 | D:3      | Found a runed translucent door.
  3335 | D:3      | Noticed Crazy Yiuf
  3501 | D:3      | Killed Crazy Yiuf
  3684 | D:3      | Reached skill level 7 in Spellcasting
  3861 | D:4      | Reached XP level 6. HP: 32/32 MP: 12/18
  4308 | D:4      | Reached skill level 1 in Hexes
  4308 | D:4      | Reached skill level 1 in Translocations
  4594 | D:4      | Reached skill level 1 in Air Magic
  4594 | D:4      | Reached skill level 1 in Poison Magic
  4721 | D:4      | Found a white marble altar of Elyvilon.
  4809 | D:4      | Found a burning altar of Makhleb.
  4815 | D:4      | Found a radiant altar of Vehumet.
  5113 | D:4      | Became a worshipper of Vehumet
  5209 | D:5      | Entered Level 5 of the Dungeon
  5223 | D:4      | Reached XP level 7. HP: 15/36 MP: 6/20
  5525 | D:5      | Reached skill level 8 in Spellcasting
  5947 | D:5      | Found Zin's Purification Station.
  6197 | D:5      | Found a glowing silver altar of Zin.
  6239 | D:5      | Reached XP level 8. HP: 38/41 MP: 16/22
  6323 | D:5      | Killed from afar by a white imp

Illustrated notes

Levels and vault maps discovered:
D:1:      mrwooster_arrival_arrow, layout_basic,
          nicolae_ecumenical_snake_handling, nicolae_titane
D:2:      layout_basic, eino_tiny_chamber
D:3:      layout_basic, nicolae_gozag_seed_capital, uniq_crazy_yiuf_cottage
D:4:      layout_basic, kennysheep_mini_moat,
          grunt_temple_overflow_lords_of_destruction
D:5:      layout_basic, zin_purify, mainiacjoe_overflow_alcove_2, serial_glass,
          glass_columns_c, glass_columns_a, glass_columns_c, glass_columns_a,
          glass_columns_c, glass_columns_a, minmay_misc_feat_rows,
          supply_closet_lemuel

Skill      XL: |  1  2  3  4  5  6  7 |
---------------+----------------------+-----
Spellcasting   | 4 5 6 7 8 |  8.4
Conjurations   | 5 6 7 |  7.0
Hexes          | 1 2 |  2.9
Translocations | 1 2 |  2.6
Air Magic      | 1 2 |  2.1
Poison Magic   | 1 2 |  2.3
Dodging        | |  2.4
Stealth        | |  2.4

Action                     |  1- 3 |  4- 6 |  7- 9 || total
---------------------------+-------+-------+-------++-------
  Melee: Whip              |     3 |     1 |       ||     4
   Cast: Magic Dart        |    57 |   162 |    55 ||   274
         Iskenderun's Myst |       |     2 |     4 ||     6
         Mephitic Cloud    |       |     3 |    11 ||    14
         Searing Ray       |       |     2 |     8 ||    10
         Fulminant Prism   |       |       |     1 ||     1
    Use: Scroll            |     3 |     9 |       ||    12
 Armour: Robe              |     6 |    15 |    28 ||    49
  Dodge: Dodged            |     4 |     6 |    17 ||    27

Table legend: (Time is in decaauts)
 A = Elapsed time spent in this place.
 B = Non-inter-level travel time spent in this place.
 C = Inter-level travel time spent in this place.
 D = Time resting spent in this place.
 E = Time spent auto-exploring this place.
 F = Levels seen in this place.
 G = Mean time per level.
                   A        B        C        D        E       F      G
               +--------+--------+--------+--------+--------+-----+--------+
         Total |   6324 |   5921 |    403 |    886 |   4360 |   5 | 1264.8 |
       Dungeon |   6324 |   5921 |    403 |    886 |   4360 |   5 | 1264.8 |
               +--------+--------+--------+--------+--------+-----+--------+

Top non-repeatable levels by time:
     D:4: 1885 daAuts
     D:3: 1472 daAuts
     D:2: 1218 daAuts
     D:1: 1113 daAuts
     D:5: 634 daAuts
